 Dungeon Crawl Stone Soup version 0.32-a0-940-g8c197d95f1 (webtiles) character file.

Game seed: 13921724589752866650

66 Revguard the Trooper (level 4, -1/40 HPs)
             Began as a Ghoul Fighter on Apr 16, 2024.
             Slain by a gnoll
             ... wielding a +0 halberd
              (8 damage)
             ... on level 2 of the Dungeon.
             The game lasted 00:02:56 (929 turns).

Revguard the Trooper (Ghoul Fighter)                 Turns: 929, Time: 00:02:57

Health: -1/40      AC:  9    Str: 19 (21) XL:     4   Next: 15%
Magic:  4/4        EV:  6    Int:  6 (7)  God:
Gold:   75         SH:  3    Dex:  8      Spells: 3/3 levels left

rFire   . . .        a - +0 war axe
rCold   + . .        c - +0 buckler
rNeg    + + +        h - +0 chain mail
rPois   ∞            (no helmet)
rElec   .            (no cloak)
rCorr   .            (no gloves)
SInv    .            (no boots)
Will    .....        (no amulet) Stlth
                     (no ring)
HPRegen 0.00/turn    (no ring)
MPRegen 0.09/turn

%: no passive effects
@: inhibited regen
A: claws 1, cold resistance 1, negative energy resistance 3, inhibited
regeneration, torment resistance 2, devour on kill
a: no special abilities


You were on level 2 of the Dungeon.
You visited 1 branch of the dungeon, and saw 2 of its levels.

You collected 75 gold pieces.

Inventory:

Hand Weapons
 a - a +0 war axe (weapon)
Armour
 b - a +0 scale mail
 c - a +0 buckler (worn)
 h - a +0 chain mail (worn)
Jewellery
 e - an amulet of magic regeneration
 i - a ring of protection from fire
Scrolls
 f - a scroll of vulnerability {unknown}
 g - a scroll of revelation {unknown}
 j - 2 scrolls of identify {unknown}
 k - a scroll of teleportation {unknown}
 l - a scroll of fog {unknown}
Potions
 d - a potion of might


   Skills:
 + Level 3.6 Fighting
 + Level 2.3 Axes
 + Level 3.0 Armour
 + Level 1.1 Dodging
 + Level 3.0 Shields
 - Level 0.8 Invocations
 + Level 0.8 Evocations


You had 3 spell levels left.
You didn't know any spells.
Your spell library contained the following spells:

 Spells                   Type           Power      Damage    Failure   Level
 Leda's Liquefaction      Alch/Erth      0%         N/A       100%        4
 Petrify                  Alch/Erth      0%         N/A       100%        4
 Metabolic Englaciation   Hex/Ice        0%         N/A       100%        5


Dungeon Overview and Level Annotations

Branches:
Dungeon (2/15)

Altars:


Innate Abilities, Weirdness & Mutations

You are immune to poison.
You have sharp fingernails.
Your flesh is cold resistant. (rC+)
You are immune to negative energy. (rN+++)
You do not regenerate when monsters are visible.
You are immune to unholy pain and torment.
You thrive by killing the living.


Message History

The endoplasm quivers.
The gnoll shouts! x2
A gnoll comes into view. It is wielding a +0 whip.
The gnoll shouts!
The gnoll throws a throwing net.
The throwing net closely misses you.
You see here a throwing net.
There are monsters nearby!
The gnoll hits you from afar with a +0 halberd.
The gnoll closely misses you.
You barely miss the gnoll. You closely miss the gnoll. You hit the endoplasm.
The gnoll misses you.
The endoplasm jiggles.
The endoplasm freezes you.
You are frozen.
You resist.
You slash the gnoll!
The gnoll is severely wounded.
You hit the endoplasm.
You kill the endoplasm!
You feel better.
You barely miss the gnoll. You hit the gnoll.
The gnoll closely misses you. x2; The gnoll hits you with a +0 whip. x2
The gnoll hits you with a +0 flail. The gnoll barely misses you.
You slash the gnoll!
You kill the gnoll!
You barely miss the gnoll. You hit the gnoll.
The gnoll hits you with a +0 halberd!
* * * LOW HITPOINT WARNING * * *
The gnoll hits you with a +0 whip.
* * * LOW HITPOINT WARNING * * *
Your Armour skill increases to level 3!
Your Shields skill increases to level 3!
You have reached level 4!
It was a potion of mutation.
You feel extremely strange.
Your body decomposes!
You feel weakened.
Your body decomposes!
You feel weakened.
Your body decomposes!
You feel dopey. The gnoll hits you with a +0 halberd!
You die...

##..#.##. #...#.#. #..##.. . .
#..#..## .# # #......# . ##
#..#...# .# . . ##.(....##.# #
....###...##>....# #
.......@g.##...### #
......g)..##.†.# ####
.......#..###..# ...#
..........###..##### ...#
###....##.##...#...## ...###
#.... #...........##
..<..######....###............#
..............................#
...#.....#.............>......#


You could see 2 gnolls.

Vanquished Creatures
  An adder (D:2)
  A gnoll (D:2)
  3 dart slugs
  A ribbon worm (D:2)
  An orc (D:2)
  4 endoplasms
  A giant cockroach (D:2)
  4 goblins
  3 hobgoblins
  4 kobolds
  A quokka (D:2)
  9 bats
  2 frilled lizards (D:1)
  2 rats
37 creatures vanquished.

Notes
Turn   | Place    | Note
-------+----------+-------------------------------------------
     0 | D:1      | Revguard the Ghoul Fighter began the quest for the Orb.
     0 | D:1      | Reached XP level 1. HP: 19/19 MP: 1/1
   146 | D:1      | Reached XP level 2. HP: 26/26 MP: 2/2
   688 | D:2      | Reached XP level 3. HP: 24/31 MP: 3/3
   829 | D:2      | Reached skill level 1 in Dodging
   929 | D:2      | Reached XP level 4. HP: 7/40 MP: 4/4
   929 | D:2      | Slain by a gnoll

Illustrated notes

Levels and vault maps discovered:
D:1:      amcnicky_arrival_flooded_fountain, layout_loops_ring,
          roderic_roman_lattice, grunt_decor_junction, minmay_pentomino_z2
D:2:      cheibrodos_old_hovel, layout_rooms, minmay_misc_feat_square,
          dk_noncrumbling_4

Skill      XL: |  1  2  3 |
---------------+----------+-----
Axes           | 2 |  2.3
Dodging        | 1 |  1.1
Armour         | 3 |  3.0
Shields        | 3 |  3.0
Fighting       | |  3.6
Invocations    | |  0.8
Evocations     | |  0.8

Action                     |  1- 3 |  4- 6 || total
---------------------------+-------+-------++-------
  Melee: War axe           |   106 |       ||   106
    Use: Potion            |       |     1 ||     1
 Armour: Scale mail        |    36 |       ||    36
         Chain mail        |    73 |     1 ||    74
  Dodge: Dodged            |    62 |       ||    62
  Block: Buckler           |    32 |       ||    32

Table legend: (Time is in decaauts)
 A = Elapsed time spent in this place.
 B = Non-inter-level travel time spent in this place.
 C = Inter-level travel time spent in this place.
 D = Time resting spent in this place.
 E = Time spent auto-exploring this place.
 F = Levels seen in this place.
 G = Mean time per level.
                   A        B        C        D        E       F      G
               +--------+--------+--------+--------+--------+-----+--------+
         Total |    974 |    935 |     39 |      0 |    598 |   2 |  487.0 |
       Dungeon |    974 |    935 |     39 |      0 |    598 |   2 |  487.0 |
               +--------+--------+--------+--------+--------+-----+--------+

Top non-repeatable levels by time:
     D:1: 683 daAuts
     D:2: 291 daAuts
